Map: Orbital Shipyard

Players

Tropic - Winner!

  • Race: Protoss Protoss
  • League: Master

taTWOlaaXO

  • Race: Protoss Protoss
  • League: Diamond

VOD

Have the link to the VOD?

Description

Time

  • Played on: Nov. 16, 2015, 11:41 a.m.
  • Length: 14:33
Show
View Real Time Build Order
Export as new Build Order

Tropic Protoss - Winner!

Build Orders: 1 Gate Expand 

Get SALT Encoding   

  12  0:01  Probe (Chrono Boost)  
  13  0:12  Probe (Chrono Boost)  
  14  0:17  Pylon  
  14  0:23  Probe (Chrono Boost)  
  15  0:36  Probe (Chrono Boost)  
  15  0:38  Gateway  
  16  0:46  Probe (Chrono Boost)  
  17  1:09  Nexus  
  17  1:15  Assimilator  
  17  1:22  Assimilator  
  17  1:29  Cybernetics Core  
  17  1:33  Probe (Chrono Boost)  
  18  1:44  Probe (Chrono Boost)  
  19  1:51  Pylon  
  19  1:54  Probe (Chrono Boost)  
  20  2:05  Probe (Chrono Boost)  
  20  2:06  Adept (Chrono Boost)  
  20  2:08  Warp Gate  
  23  2:15  Probe  
  23  2:21  Mothership Core (Chrono Boost)  
  26  2:27  Probe (Chrono Boost)  
  27  2:32  Stalker (Chrono Boost)  
  29  2:39  Probe (Chrono Boost)  
  31  2:44  Probe (Chrono Boost)  
  31  2:50  Probe (Chrono Boost)  
  32  2:55  Probe (Chrono Boost)  
  33  3:00  Probe (Chrono Boost)  
  33  3:02  Stalker  
  37  3:10  Robotics Facility  
  36  3:13  Probe (Chrono Boost)  
  36  3:19  Probe (Chrono Boost)  
  38  3:28  Probe (Chrono Boost)  
  37  3:39  Gateway  
  38  3:41  Probe (Chrono Boost)  
  38  3:47  Gateway, Probe (Chrono Boost)  
  39  3:52  Probe (Chrono Boost), Twilight Council  
  39  3:54  Pylon  
  40  3:57  Observer (Chrono Boost)  
  40  3:58  Probe  
  42  4:03  Probe  
  42  4:09  Probe, Assimilator  
  43  4:14  Assimilator  
  43  4:15  Probe  
  45  4:18  Immortal (Chrono Boost)  
  45  4:32  Probe x2  
  45  4:36  Blink (Chrono Boost)  
  46  4:42  Probe  
  46  4:44  Probe  
  48  4:53  Probe, Pylon  
  48  4:57  Probe  
  50  5:00  Sentry x2, Nexus  
  54  5:09  Probe  
  54  5:12  Forge  
  55  5:14  Probe, Pylon  
  55  5:20  Probe, Pylon  
  56  5:27  Probe  
  58  5:30  Probe  
  58  5:36  Robotics Bay  
  58  5:39  Probe  
  58  5:41  Probe  
  59  5:43  Pylon  
  59  5:44  Protoss Ground Weapons Level 1 (Chrono Boost)  
  60  5:51  Probe x2  
  62  5:57  Pylon  
  62  6:02  Probe  
  62  6:03  Probe  
  64  6:08  Stalker x3  
  64  6:11  Probe  
  70  6:13  Probe  
  70  6:15  Probe  
  73  6:21  Probe  
  73  6:23  Disruptor (Chrono Boost)  
  73  6:24  Probe  
  78  6:30  Probe  
  78  6:32  Probe  
  79  6:36  Gateway  
  79  6:37  Gateway  
  79  6:39  Probe, Gateway  
  80  6:44  Robotics Facility  
  81  6:47  Probe  
  81  6:52  Probe x2  
  84  6:54  Disruptor (Chrono Boost)  
  84  6:56  Assimilator  
  84  7:00  Assimilator  
  87  7:05  Pylon  
  87  7:06  Probe  
  87  7:07  Pylon  
  88  7:12  Forge  
  88  7:13  Probe  
  89  7:15  Probe  
  89  7:21  Probe  
  89  7:22  Pylon  
  91  7:23  Probe, Pylon  
  91  7:25  Disruptor (Chrono Boost)  
  95  7:30  Warp Prism (Chrono Boost)  
  95  7:31  Gravitic Drive (Chrono Boost)  
  97  7:44  Protoss Ground Weapons Level 2 (Chrono Boost)  
  97  7:45  Protoss Ground Armor Level 1 (Chrono Boost)  
  97  7:49  Nexus  
  97  7:51  Adept x5  
  107  8:00  Disruptor  
  107  8:01  Observer, Pylon  
  107  8:05  Pylon x2  
  111  8:15  Stargate  
  111  8:20  Photon Cannon  
  111  8:22  Observer, Photon Cannon  
  111  8:26  Photon Cannon  
  111  8:27  Photon Cannon  
  112  8:29  Photon Cannon  
  112  8:42  Stalker x2  
  112  8:43  Templar Archives  
  112  8:45  Pylon  
  112  8:47  Pylon  
  116  8:59  Stalker x2  
  116  9:00  Stalker x2  
  118  9:18  Stalker x2  
  118  9:22  Gateway  
  118  9:23  Resonating Glaives (Chrono Boost)  
  118  9:24  Protoss Ground Armor Level 2 (Chrono Boost)  
  120  9:25  Gateway  
  120  9:27  Gateway, Oracle (Chrono Boost)  
  123  9:31  Gateway, Disruptor  
  123  9:35  Disruptor  
  129  9:56  Pylon  
  129  9:58  Adept x5  
  129  9:59  Adept  
  130  10:29  Disruptor  
  130  10:32  Protoss Ground Weapons Level 3 (Chrono Boost)  
  131  10:36  Adept x2  
  131  10:37  Adept x4  
  143  10:47  Assimilator  
  143  10:49  Probe x2  
  141  10:51  Assimilator  
  141  11:01  Charge (Chrono Boost)  
  141  11:08  Disruptor  
  141  11:12  Protoss Ground Armor Level 3  
  141  11:13  Disruptor  
  141  11:17  Stalker  
  141  11:18  Stalker x7  
  157  11:19  Stalker x2  
  167  11:36  Gateway  
  167  11:38  Gateway  
  167  11:40  Gateway  
  167  11:41  Gateway  
  167  12:04  Stalker x5  
  167  12:05  Stalker x5  
  180  12:50  Adept  
  180  12:51  Adept x6  
  184  12:52  Adept x3  
  196  13:32  Nexus  
  196  13:34  Assimilator  
  196  13:35  Pylon  
  196  13:37  Pylon  
  196  13:38  Assimilator  
  196  13:40  Oracle (Chrono Boost)  
  194  13:48  Observer  
  160  14:25  Stalker x3  
  160  14:26  Stalker x3  
  160  14:27  Stalker x7  
  160  14:28  Stalker  
Show
View Real Time Build Order
Export as new Build Order

taTWOlaaXO Protoss 

Build Orders: 1 Gate Expand 

Get SALT Encoding   

  12  0:01  Probe (Chrono Boost)  
  13  0:15  Pylon  
  13  0:17  Probe (Chrono Boost)  
  14  0:28  Probe (Chrono Boost)  
  15  0:35  Gateway  
  15  0:39  Probe (Chrono Boost)  
  17  0:50  Probe (Chrono Boost)  
  17  1:09  Nexus  
  17  1:12  Probe (Chrono Boost)  
  18  1:22  Cybernetics Core  
  18  1:27  Assimilator  
  18  1:32  Assimilator  
  18  1:35  Probe (Chrono Boost)  
  19  1:45  Probe (Chrono Boost)  
  20  1:51  Pylon  
  20  1:56  Probe (Chrono Boost)  
  21  2:06  Probe (Chrono Boost)  
  22  2:11  Adept (Chrono Boost)  
  24  2:17  Probe (Chrono Boost)  
  25  2:22  Warp Gate  
  25  2:23  Probe  
  25  2:28  Probe  
  27  2:34  Probe  
  28  2:40  Mothership Core (Chrono Boost)  
  30  2:48  Adept (Chrono Boost)  
  30  2:50  Probe (Chrono Boost)  
  33  2:55  Gateway  
  33  2:57  Pylon  
  33  3:00  Probe (Chrono Boost)  
  34  3:15  Probe (Chrono Boost), Adept  
  36  3:28  Probe (Chrono Boost)  
  36  3:31  Probe (Chrono Boost)  
  36  3:39  Probe (Chrono Boost)  
  37  3:41  Robotics Facility  
  37  3:42  Probe (Chrono Boost)  
  37  3:43  Forge  
  38  3:49  Probe (Chrono Boost)  
  38  3:51  Pylon  
  38  3:54  Gateway  
  38  3:55  Probe (Chrono Boost)  
  40  4:00  Probe (Chrono Boost)  
  40  4:02  Pylon  
  41  4:06  Probe (Chrono Boost)  
  42  4:10  Probe (Chrono Boost)  
  42  4:16  Probe (Chrono Boost)  
  44  4:21  Probe (Chrono Boost)  
  44  4:31  Probe x2 (Chrono Boost)  
  44  4:33  Immortal (Chrono Boost)  
  44  4:35  Protoss Ground Weapons Level 1  
  45  4:41  Assimilator  
  45  4:42  Probe x2 (Chrono Boost)  
  47  4:47  Assimilator  
  47  4:50  Pylon  
  47  4:52  Probe x2 (Chrono Boost)  
  49  4:55  Sentry x2  
  53  5:01  Probe  
  53  5:03  Probe  
  53  5:06  Pylon  
  55  5:11  Observer (Chrono Boost)  
  55  5:12  Probe  
  57  5:14  Stalker  
  57  5:16  Probe  
  57  5:21  Stalker x2  
  62  5:22  Probe  
  65  5:34  Probe  
  65  5:35  Probe  
  67  5:38  Pylon x2  
  67  5:46  Gateway x2  
  67  5:47  Probe, Twilight Council  
  67  5:48  Pylon  
  68  6:02  Gateway  
  68  6:03  Adept x3  
  74  6:09  Immortal (Chrono Boost)  
  78  6:14  Probe  
  78  6:15  Probe  
  80  6:24  Probe  
  80  6:27  Probe  
  80  6:28  Nexus  
  82  6:33  Pylon  
  82  6:36  Protoss Ground Weapons Level 2 (Chrono Boost)  
  82  6:39  Charge  
  82  6:41  Probe  
  82  6:45  Probe  
  84  6:53  Probe  
  85  6:56  Probe  
  85  6:57  Pylon  
  85  7:01  Pylon  
  86  7:04  Assimilator  
  86  7:05  Probe  
  87  7:09  Zealot x3  
  87  7:10  Assimilator  
  93  7:15  Templar Archives  
  93  7:23  Zealot x3  
  93  7:25  Probe x2  
  101  7:37  Probe x2  
  101  7:42  Probe  
  104  7:46  Gateway  
  104  7:47  Probe  
  104  7:48  Gateway  
  104  7:49  Probe  
  104  7:50  Gateway  
  106  7:54  Gateway  
  106  8:02  Immortal (Chrono Boost)  
  106  8:04  High Templar x3  
  116  8:08  High Templar x3  
  116  8:10  Archon  
  116  8:12  Archon x2  
  122  8:37  Pylon  
  118  9:18  Zealot x6  
  118  9:19  Zealot x2  
  118  9:21  Immortal (Chrono Boost)  
  118  9:22  Probe  
  139  9:24  Nexus  
  139  9:28  Assimilator  
  139  9:32  Assimilator  
  139  9:36  Pylon  
  139  9:39  High Templar x3  
  139  9:40  High Templar x3  
  139  9:42  Zealot x3  
  157  9:47  Pylon  
  157  9:48  Archon x2  
  157  9:49  Archon  
  157  9:50  Pylon  
  157  9:55  Pylon  
  157  9:56  Immortal (Chrono Boost), Pylon  
  157  9:58  Photon Cannon  
  161  10:02  Photon Cannon  
  161  10:07  Photon Cannon  
  158  10:09  Pylon  
  157  10:19  Zealot x7  
  157  10:20  Zealot x3  
  148  10:39  Protoss Ground Weapons Level 3 (Chrono Boost)  
  148  10:49  Stalker x5  
  158  10:52  Zealot x4  
  158  10:53  Zealot  
  168  11:21  High Templar  
  168  11:22  High Templar x4  
  168  11:23  High Templar  
  168  11:24  Zealot x4  
  188  11:47  Archon x2  
  188  11:48  Archon  
  152  12:02  Zealot x7  
  152  12:03  Zealot x3  
  172  12:20  Immortal (Chrono Boost)  
  163  12:36  Zealot x3  
  163  12:37  Zealot x7  
  173  12:52  Probe x2  
  173  12:53  Probe  
  173  12:54  Probe  
  177  12:58  Assimilator  
  177  12:59  Immortal  
  177  13:02  High Templar x5  
  177  13:03  Probe, High Templar x4  
  200  13:06  Archon  
  200  13:07  Archon x3  
  180  13:51  Pylon  
  178  13:55  Pylon  
  178  13:56  Pylon  
  173  14:07  Pylon  
  172  14:16  Zealot x4  
  172  14:17  Zealot x4  
  163  14:18  Zealot x2  
Tags
 
Add a new tag
Caveats
  • Supply blocks, unpowered buildings, or Contaminate may cause inaccurate times.
  • Supply counts are checked every 10 seconds.